AoeStats
← Pwncakes

Arena

507289122Analyzed
4v4 RM · 15d ago on Sep 17, 2026· 47m 24s· 8 players
Game mode
Random Map
Map size
Large (8 player)
Population
200
Speed
Normal
Resources
Standard
Victory
Conquest
Starting age
Dark Age
Ending age
Imperial Age
RankedLock teamsTeams togetherTeam positionsShared explorationLock speedFull tech treeHidden civsTurbo modeCheats
Victory
Defeat
🇪🇸 Dravidians · Spain
1431
+14
🇨🇳 Spanish · China
1421
+14
🇦🇷 Wu · Argentina
1365
+17
🇭🇺 Huns · Hungary
1351
+17
🇨🇦 Cumans · Canada
1433
-17
🇨🇴 Turks · Colombia
1390
-16
🇺🇸 Jurchens · United States
1380
-15
🇺🇸 Britons · United States
1338
-14
Morlhaw
10:37 Feudal Age
12:24 Horse Collar
14:50 Castle Age
13:13 Double-Bit Axe
13:35 Loom
14:07 Gold Mining
15:46 Bow Saw
15:32 Town Watch
24:29 Wheelbarrow
23:55 Heavy Plow
25:10 Stone Mining
30:04 Imperial Age
30:02 Scale Barding Armor
30:07 Fletching
31:18 Chain Barding Armor
32:16 Bloodlines
33:18 Husbandry
34:57 Plate Barding Armor
35:31 Conscription
41:28 Bodkin Arrow
43:16 Forging
43:30 Bracer
44:35 Ballistics
44:32 Padded Archer Armor
45:22 Parthian Tactics
45:22 Thumb Ring
45:35 Leather Archer Armor
46:34 Iron Casting
AlzzStriker
8:44 Feudal Age
9:36 Double-Bit Axe
9:48 Horse Collar
15:09 Wheelbarrow
20:13 Castle Age
21:19 Bow Saw
21:11 Heavy Plow
21:04 Stone Mining
22:06 Hand Cart
21:52 Gold Mining
22:19 Loom
22:19 Town Watch
24:12 Fletching
24:54 Bodkin Arrow
26:24 Ballistics
26:10 Padded Archer Armor
28:11 Bloodlines
31:29 Imperial Age
29:20 Masonry
29:40 Thumb Ring
31:32 Elite Kipchak
33:14 Chemistry
32:38 Conscription
32:56 Parthian Tactics
32:18 Capped Ram
34:55 Leather Archer Armor
34:46 Scale Barding Armor
34:04 Cavalier
38:18 Onager
42:08 Light Cavalry
43:22 Forging
43:43 Ring Archer Armor
43:33 Chain Barding Armor
43:12 Hussar
45:35 Iron Casting
Hamstring Cramp
12:08 Feudal Age
13:23 Double-Bit Axe
13:19 Horse Collar
16:21 Castle Age
15:19 Wheelbarrow
17:33 Bow Saw
18:04 Heavy Plow
25:08 Fortified Wall
29:08 Imperial Age
26:42 Fletching
27:16 Ballistics
28:09 Bodkin Arrow
28:16 Padded Archer Armor
29:13 Yeomen
29:09 Gold Mining
29:46 Masonry
30:22 Bracer
31:48 Chemistry
31:11 Siege Engineers
31:37 Architecture
32:49 Conscription
32:26 Elite Longbowman
33:55 Leather Archer Armor
33:37 Treadmill Crane
35:55 Ring Archer Armor
35:30 Murder Holes
35:53 Elite Skirmisher
38:14 Forging
38:04 Scale Mail Armor
41:35 Stone Mining
Pwncakes
9:29 Feudal Age
13:41 Castle Age
11:37 Double-Bit Axe
12:00 Horse Collar
14:52 Bow Saw
15:29 Heavy Plow
19:48 Loom
21:16 Wheelbarrow
20:45 Gold Mining
22:04 Husbandry
23:36 Scale Barding Armor
23:55 Bloodlines
26:23 Forging
26:34 Chain Barding Armor
27:00 Hand Cart
26:31 Town Watch
27:20 Stone Mining
28:51 Iron Casting
29:27 Gold Shaft Mining
34:50 Imperial Age
32:05 Treadmill Crane
32:31 Siege Engineers
32:37 Masonry
34:54 Elite Steppe Lancer
36:16 Plate Barding Armor
36:50 Blast Furnace
36:22 Fletching
37:35 Conscription
36:53 Elite Iron Pagoda
39:05 Fletching
40:20 Chemistry
39:55 Architecture
41:16 Coinage
42:50 Thunderclap Bombs
46:53 Two-Man Saw
AJR86
10:51 Feudal Age
14:37 Castle Age
12:44 Double-Bit Axe
13:03 Horse Collar
15:52 Bow Saw
16:07 Heavy Plow
17:08 Loom
23:48 Wheelbarrow
25:37 Hand Cart
31:00 Imperial Age
28:21 Fletching
29:20 Bodkin Arrow
29:27 Padded Archer Armor
30:24 Bloodlines
30:15 Husbandry
30:21 Thumb Ring
30:57 Ballistics
31:14 Leather Archer Armor
30:52 Town Watch
31:01 Gold Mining
31:04 Stone Mining
31:36 Scale Barding Armor
31:43 Forging
32:24 Conscription
32:32 Parthian Tactics
32:16 Bracer
32:31 Forging
32:41 Light Cavalry
32:59 Heavy Cavalry Archer
34:41 Chemistry
33:52 Hussar
36:02 Chain Barding Armor
36:19 Iron Casting
41:08 Plate Barding Armor
44:43 Two-Man Saw
43:37 Cavalier
45:01 Paladin
48:47 Blast Furnace
MatRm10
9:51 Feudal Age
11:40 Loom
14:54 Castle Age
13:45 Double-Bit Axe
13:56 Horse Collar
16:05 Bow Saw
21:13 Horse Collar
25:33 Wheelbarrow
25:48 Fletching
26:51 Redemption
27:21 Hand Cart
31:28 Imperial Age
29:34 Gold Mining
30:51 Gold Shaft Mining
30:30 Padded Archer Armor
32:05 Ballistics
32:34 Conscription
32:33 Bodkin Arrow
33:41 Chemistry
33:00 Leather Archer Armor
33:56 Two-Man Saw
34:08 Bracer
34:14 Pikeman
34:54 Squires
36:21 Masonry
36:30 Stone Mining
36:43 Red Cliffs Tactics
37:13 Halberdier
38:10 Heavy Plow
38:14 Elite Fire Archer
38:54 Arson
40:19 Architecture
40:25 Caravan
43:19 Murder Holes
44:49 Scale Mail Armor
45:00 Forging
44:50 Treadmill Crane
45:20 Sitting Tiger
jwinnfield.trash
11:37 Feudal Age
12:25 Double-Bit Axe
15:19 Castle Age
13:07 Horse Collar
16:31 Bow Saw
16:22 Heavy Plow
20:59 Wheelbarrow
21:19 Gold Mining
22:39 Hand Cart
22:27 Loom
27:00 Imperial Age
25:08 Stone Mining
25:35 Scale Mail Armor
25:09 Man-at-Arms
26:43 Chain Mail Armor
26:15 Long Swordsman
27:25 Squires
27:10 Gambesons
27:11 Arson
27:16 Two-Handed Swordsman
28:53 Plate Mail Armor
28:34 Forging
28:59 Conscription
29:42 Champion
30:56 Wootz Steel
31:39 Iron Casting
31:47 Fletching
32:19 Ballistics
33:00 Chemistry
32:52 Thumb Ring
32:55 Bodkin Arrow
33:49 Bracer
33:50 Padded Archer Armor
34:08 Elite Elephant Archer
34:54 Husbandry
35:30 Leather Archer Armor
37:07 Ring Archer Armor
37:19 Town Watch
38:35 Two-Man Saw
37:01 Elite Skirmisher
38:29 Scale Barding Armor
38:11 Light Cavalry
38:30 Elite Skirmisher
39:29 Caravan
41:07 Chain Barding Armor
41:48 Blast Furnace
543880365
10:47 Feudal Age
14:26 Castle Age
12:15 Double-Bit Axe
12:32 Horse Collar
15:37 Bow Saw
15:29 Heavy Plow
21:11 Wheelbarrow
22:34 Padded Archer Armor
23:30 Leather Archer Armor
25:31 Bloodlines
25:22 Husbandry
26:39 Hand Cart
28:26 Loom
31:52 Imperial Age
29:30 Gold Mining
31:08 Ballistics
33:38 Ring Archer Armor
32:30 Elite Conquistador
33:30 Conscription
33:43 Conscription
41:04 Scale Barding Armor
41:09 Forging
40:24 Light Cavalry
42:21 Chain Barding Armor
42:11 Hussar
43:53 Iron Casting
44:31 Plate Barding Armor
46:11 Blast Furnace
Connection lost

Rejoining the realm…

Still unreachable

The connection could not be restored.

Session expired

The server has moved on; the page needs a fresh start.